 Dungeon Crawl Stone Soup version 0.19.4 (webtiles) character file.

1029 ToldLengthways the Destroyer (level 8, -4/41 HPs)
             Began as a Deep Elf Conjurer on Feb 1, 2017.
             Slain by a sky beast (5 damage)
             ... on level 5 of the Dungeon.
             The game lasted 00:13:32 (4933 turns).

ToldLengthways the Destroyer (Deep Elf Conjurer)    Turns: 4933, Time: 00:13:34

Health: -4/41      AC:  2    Str:  5    XL:     8   Next: 3%
Magic:  2/21       EV: 13    Int: 34    God:
Gold:   48         SH:  0    Dex: 15    Spells: 3 memorised, 14 levels left

rFire  . . .     SeeInvis +     w - +1 rapier of Regicide {pierce, +Inv rC+ Int+7} (curse)
rCold  + . .     Gourm    .     a - +0 robe
rNeg   . . .     Faith    +     (no shield)
rPois  .         Spirit   .     (no helmet)
rElec  .         Reflect  .     (no cloak)
rCorr  .         Harm     .     (no gloves)
MR     .....                    (no boots)
Stlth  ++........               n - amulet of faith
                                l - ring of see invisible
                                j - +4 ring of intelligence

@: no status effects
A: no striking features
a: Evoke Invisibility


You were on level 5 of the Dungeon.
You were hungry.

You visited 1 branch of the dungeon, and saw 5 of its levels.

You collected 193 gold pieces.
You spent 145 gold pieces at shops.

Inventory:

Hand Weapons
 k - a +0 dagger
 w - the cursed +1 rapier of Regicide (weapon) {pierce, +Inv rC+ Int+7}
   (You found it on level 4 of the Dungeon)

   It inflicts extra damage upon your enemies.
   It affects your intelligence (+7).
   It protects you from cold.
   It lets you turn invisible.
   It has a curse placed upon it.
Armour
 a - a +0 robe (worn)
Jewellery
 j - a +4 ring of intelligence (left hand)
 l - a ring of see invisible (right hand)
 n - an amulet of faith (around neck)
 y - an uncursed ring of protection from fire
 B - a +4 ring of evasion
Wands
 x - a wand of digging (13/24)
 E - a wand of slowing (23/48)
Scrolls
 e - 2 scrolls of remove curse
 f - a scroll of amnesia
 g - 2 scrolls of identify
 m - a scroll of noise {unknown}
 p - a scroll of teleportation {unknown}
 v - a scroll of enchant weapon {unknown}
 z - a scroll of random uselessness {unknown}
 A - a scroll of fog {unknown}
 D - a scroll of enchant armour {unknown}
 F - 3 scrolls of recharging {unknown}
Potions
 d - 2 potions of agility
 h - a potion of mutation {unknown}
 o - 4 potions of curing {unknown}
 q - a potion of might {unknown}
 r - 2 potions of brilliance {unknown}
 s - a potion of resistance {unknown}
 u - 2 potions of degeneration {unknown}
Books
 b - a book of Conjurations

   Spells                             Type                      Level
   a - Magic Dart                     Conjuration                  1
   b - Searing Ray                    Conjuration                  2
   c - Dazzling Spray                 Conjuration/Hexes            3
   d - Fulminant Prism                Conjuration/Hexes            4
   e - Iskenderun's Mystic Blast      Conjuration                  4
   f - Iskenderun's Battlesphere      Conjuration/Charms           5
 C - a book of Air

   Spells                             Type                      Level
   a - Shock                          Conjuration/Air              1
   b - Swiftness                      Charms/Air                   2
   c - Repel Missiles                 Charms/Air                   2
   d - Static Discharge               Conjuration/Air              3
   e - Lightning Bolt                 Conjuration/Air              5
Comestibles
 c - 2 bread rations
 i - 2 meat rations
 t - a fruit


   Skills:
 - Level 2.9 Dodging
 - Level 3.3 Stealth
 + Level 7.6 Spellcasting
 + Level 8.3 Conjurations
 * Level 4.6 Charms


You had 14 spell levels left.
You knew the following spells:

 Your Spells              Type           Power        Failure   Level  Hunger
a - Magic Dart            Conj           ####         1%          1    None
b - Searing Ray           Conj           ######       1%          2    None
c - Iskenderun's Battles  Conj/Chrm      ######..     10%         5    ####...


Dungeon Overview and Level Annotations

Branches:
Dungeon (5/15)
 Temple: D:4-7

Altars:
Gozag
Zin

Shops:
D:4 =%*}}


Message History

You barely miss the sky beast.
The sky beast is almost dead.
The sky beast closely misses you.
You hit the sky beast.
The sky beast is almost dead.
The sky beast hits you.
* * * LOW HITPOINT WARNING * * *
The sky beast shocks you.
* * * LOW HITPOINT WARNING * * *
The sky beast hits you but does no damage.
You closely miss the sky beast.
The sky beast is almost dead.
The sky beast misses you.
You barely miss the sky beast.
The sky beast is almost dead.
The sky beast flickers out of sight for a moment.
The sky beast hits you.
* * * LOW HITPOINT WARNING * * *
The sky beast shocks you.
You die...

. ##. #.....#........#
...##.#.###........#
.###.#...............#
........###).#########
#.##........##
#.....)...###
............#
.....†....#.#
........@...#
.......Y.....#
...........#.#
..............#
.........(.#.#
...............
...............
..#...........


You could see a sky beast (invisible).

Vanquished Creatures
  The ghost of maxonian the Basher, a novice OgFi (D:4)
  An ogre (D:4)
  A centaur (D:5)
  3 scorpions (D:4)
  A howler monkey (D:5)
  A hound (D:3)
  A worker ant (D:4)
  Natasha (thrice) (D:4)
  An orc wizard (D:4)
  9 adders
  2 worms
  2 dart slugs
  4 leopard geckos
  4 orcs (D:4)
  2 ball pythons
  2 giant cockroaches
  6 goblins
  5 hobgoblins
  3 jackals (D:2)
  3 bats (D:2)
  3 frilled lizards
  12 kobolds
  4 rats
74 creatures vanquished.

Notes
Turn   | Place    | Note
-------+----------+-------------------------------------------
     0 | D:1      | ToldLengthways the Deep Elf Conjurer began the quest for the Orb.
     0 | D:1      | Reached XP level 1. HP: 10/10 MP: 6/6
   249 | D:1      | Reached XP level 2. HP: 15/15 MP: 5/8
   781 | D:2      | Reached skill level 5 in Conjurations
   852 | D:2      | Learned a level 2 spell: Searing Ray
   898 | D:2      | Reached XP level 3. HP: 19/19 MP: 8/10
  1558 | D:2      | Found a glowing silver altar of Zin.
  1607 | D:2      | Reached XP level 4. HP: 17/24 MP: 7/12
  2972 | D:3      | Found an opulent altar of Gozag.
  2979 | D:3      | Reached XP level 5. HP: 23/28 MP: 7/14
  3254 | D:4      | Got a translucent rapier
  3260 | D:4      | Identified the cursed +1 rapier of Regicide {pierce, +Inv rC+ Int+7} (You found it on level 4 of the Dungeon)
  3312 | D:4      | Noticed Natasha
  3350 | D:4      | Killed Natasha
  3350 | D:4      | Reached skill level 6 in Conjurations
  3496 | D:4      | Found Meriocoe's Assorted Antiques.
  3502 | D:4      | Bought a silver ring for 145 gold pieces
  3508 | D:4      | Noticed Natasha
  3510 | D:4      | Killed Natasha
  3536 | D:4      | Noticed maxonian's ghost (novice OgFi)
  3600 | D:3      | Learned a level 5 spell: Iskenderun's Battlesphere
  3637 | D:4      | Found Naluhy's Food Shoppe.
  3786 | D:4      | Reached skill level 5 in Spellcasting
  3786 | D:4      | Reached XP level 6. HP: 29/32 MP: 11/15
  3833 | D:4      | Noticed Natasha
  3838 | D:4      | Killed Natasha
  3838 | D:4      | Reached skill level 1 in Charms
  3899 | D:4      | Reached skill level 7 in Conjurations
  4369 | D:4      | Reached XP level 7. HP: 36/36 MP: 10/18
  4483 | D:4      | Found Webouwn's Gadget Shop.
  4581 | D:4      | Killed maxonian's ghost
  4581 | D:4      | Reached skill level 8 in Conjurations
  4723 | D:4      | Found Funiluipic's Jewellery Shop.
  4758 | D:4      | Found Entopry's Gadget Boutique.
  4814 | D:5      | Entered Level 5 of the Dungeon
  4913 | D:5      | Reached XP level 8. HP: 21/41 MP: 11/21
  4933 | D:5      | HP: 1/41 [sky beast (2)]
  4933 | D:5      | Slain by a sky beast

Skill      XL: |  1  2  3  4  5  6  7 |
---------------+----------------------+-----
Conjurations   | 5 6 7 8 |  8.3
Spellcasting   | 4 5 6 7 |  7.6
Stealth        | 3 |  3.3
Charms         | 2 4 |  4.6
Dodging        | |  2.9

Action                   |  1- 3 |  4- 6 |  7- 9 || total
-------------------------+-------+-------+-------++-------
Melee: Dagger            |       |     2 |       ||     2
       Rapier            |       |       |     8 ||     8
 Cast: Magic Dart        |    46 |    56 |    25 ||   127
       Searing Ray       |     4 |    18 |     4 ||    26
       Iskenderun's Batt |       |       |     1 ||     1
  Use: Scroll            |       |     3 |       ||     3
 Stab: Sleeping          |       |     1 |       ||     1
  Eat: Chunk             |     2 |     5 |     2 ||     9
       Fruit             |       |     1 |       ||     1
       Pizza             |       |     1 |       ||     1
Armor: Robe              |     1 |     1 |     1 ||     3
Dodge: Dodged            |     1 |    20 |    10 ||    31
